 Dungeon Crawl Stone Soup version 0.28-a0-1524-ge72afd5fc6 (webtiles) character file.

Game seed: 11204232329722905519

32 knot the Chopper (level 3, 29/43 HPs)
             Began as a Demonspawn Berserker on Jan 18, 2022.
             Was a Follower of Trog.
             Quit the game on level 1 of the Dungeon.
             The game lasted 00:01:06 (1096 turns).

knot the Chopper (Demonspawn Berserker)             Turns: 1096, Time: 00:01:07

Health: 29/43      AC:  5    Str: 17    XL:     3   Next: 8%
Magic:  3/3        EV: 11    Int: 10    God:    Trog [*.....]
Gold:   15         SH:  0    Dex: 12    Spells: 2/2 levels left

rFire   . . .      SeeInvis .   a - +0 hand axe
rCold   . . .      Faith    .   (no shield)
rNeg    . . .      Spirit   .   g - +0 ring mail
rPois   .          Reflect  .   (helmet restricted)
rElec   .          Harm     .   (no cloak)
rCorr   .          Rampage  .   (no gloves)
Will    .....                   (no boots)
Stlth   ..........              (no amulet)
HPRegen 0.14/turn               (no ring)
MPRegen 0.08/turn               (no ring)

@: berserking, very quick
A: antennae 1, spiny 1
a: Renounce Religion, Berserk


You were on level 1 of the Dungeon.
You worshipped Trog.
Trog was aware of your devotion.
You visited 1 branch of the dungeon, and saw 2 of its levels.

You collected 15 gold pieces.

Inventory:

Hand Weapons
 a - a +0 hand axe (weapon)
Missiles
 f - 69 stones (quivered)
Armour
 g - a +0 ring mail (worn)
Jewellery
 c - a ring of fire
Scrolls
 b - 2 scrolls of teleportation {unknown}
 d - a scroll of noise {unknown}
 e - a scroll of acquirement {unknown}
Potions
 h - 2 potions of attraction {unknown}


   Skills:
 - Level 3.0 Fighting
 + Level 3.9 Axes
 - Level 1.7 Armour
 - Level 1.7 Dodging


You had 2 spell levels left.
You didn't know any spells.
Your spell library contained the following spells:

 Spells                   Type           Power      Damage    Failure   Level
 Shock                    Conj/Air       0%         1d3       56%         1


Dungeon Overview and Level Annotations

Branches:
Dungeon (2/15)

Altars:


Innate Abilities, Weirdness & Mutations

You have a pair of small antennae on your head.
You are partially covered in sharp spines.


Message History

The gnoll shouts!
You hear a shout!
The kobold hits you with a +0 short sword.
A gnoll comes into view. It is wielding a +0 whip.
You hit the kobold.
The kobold is moderately wounded.
The kobold barely misses you.
You hit the kobold but do no damage.
The kobold is moderately wounded.
The kobold hits you but does no damage.
The kobold throws a stone.
The stone misses you.
The kobold throws a stone.
The stone barely misses you.
The kobold throws a stone.
The stone hits you.
The kobold throws a stone.
The stone closely misses you.
A giant cockroach comes into view.
The kobold throws a stone.
The stone closely misses you.
You hit the giant cockroach.
The giant cockroach is heavily wounded.
The giant cockroach barely misses you.
You hit the giant cockroach.
You kill the giant cockroach!
Trog accepts your kill. The gnoll hits you but does no damage.
There is a stone staircase leading up here.
The gnoll barely misses you.
There is a stone staircase leading up here.
The gnoll hits you with a +0 spear.
You climb upwards.
There is a stone staircase leading down here.
A red film seems to cover your vision as you go berserk!
You feel yourself moving faster!
You feel mighty! The gnoll hits you with a +0 spear.
You slash the gnoll!
You kill the gnoll!
Trog accepts your kill.
You have reached level 3!
Your experience leads to an increase in your attributes!
Increase (S)trength, (I)ntelligence, or (D)exterity?
You feel clever. x2; Your demonic ancestry asserts itself...
Sharp spines emerge from parts of your body.
Are you sure you want to abandon this character and quit the game? (Confirm with "yes".)

...................#### #.#
......................# #.#
............รท.........# #.#
#.............#.......# #.#
#........##...........# #.#
#........##...........# ###.#
#.........#...........# #...#
###...#...###....)....# #.#.#
................@.....#######.#.#
.##...#...###..............##.###
......)...#####.............#.#
..........#.................#.#
..........#.................#.#
................[###.######.#.#
....###...........##..........#
....# ##..........#########.###
....# ###..................#


There were no monsters in sight!

Vanquished Creatures
  A gnoll (D:1)
  A dart slug (D:2)
  A bat (D:1)
  2 endoplasms (D:1)
  A giant cockroach (D:2)
  A hobgoblin (D:1)
  3 quokkas
  3 ball pythons (D:1)
  3 goblins (D:1)
  2 kobolds (D:1)
  2 rats (D:1)
20 creatures vanquished.

Notes
Turn   | Place    | Note
-------+----------+-------------------------------------------
     0 | D:1      | knot the Demonspawn Berserker began the quest for the Orb.
     0 | D:1      | Reached XP level 1. HP: 18/18 MP: 1/1
   347 | D:1      | Gained mutation: You have a pair of small antennae on your
                  | head. [demonic ancestry]
   347 | D:1      | Reached XP level 2. HP: 11/24 MP: 2/2
   666 | D:1      | Found a faded altar of an unknown god.
   673 | D:1      | Got Plato's Catalogue of Feathers
  1096 | D:1      | Gained mutation: You are partially covered in sharp spines.
                  | [demonic ancestry]
  1096 | D:1      | Reached XP level 3. HP: 29/29 MP: 3/3
  1096 | D:1      | Quit the game

Illustrated notes

Levels and vault maps discovered:
D:1:      saegor_arrival_simple_b, layout_basic,
          shapermc_ecumenical_altar_rom_forum
D:2:      layout_rooms

Skill      XL: |  1 |
---------------+----+-----
Axes           | 3 |  3.9
Fighting       | |  3.0
Armour         | |  1.7
Dodging        | |  1.7

Action                   || total
-------------------------++-------
Melee: Hand axe          ||    53
Invok: Berserk           ||     3
 Stab: Sleeping          ||     1
Armor: Animal skin       ||     2
       Ring mail         ||    11
Dodge: Dodged            ||    27

Table legend: (Time is in decaauts)
 A = Elapsed time spent in this place.
 B = Non-inter-level travel time spent in this place.
 C = Inter-level travel time spent in this place.
 D = Time resting spent in this place.
 E = Time spent auto-exploring this place.
 F = Levels seen in this place.
 G = Mean time per level.
                   A        B        C        D        E       F      G
               +--------+--------+--------+--------+--------+-----+--------+
         Total |   1124 |   1111 |     13 |    380 |    548 |   2 |  562.0 |
       Dungeon |   1124 |   1111 |     13 |    380 |    548 |   2 |  562.0 |
               +--------+--------+--------+--------+--------+-----+--------+

Top non-repeatable levels by time:
     D:1: 1047 daAuts
     D:2: 76 daAuts
